 Dungeon Crawl Stone Soup version 0.30.0 (webtiles) character file.

Game seed: 6875452906307048109

231 SnakkuSnakku7 the Trooper (level 5, -1/48 HPs)
             Began as a Draconian Cinder Acolyte on May 6, 2023.
             Was a High Priest of Ignis.
             Splashed by a jelly's acid (7 damage)
             ... on level 3 of the Dungeon.
             The game lasted 00:03:36 (2454 turns).

SnakkuSnakku7 the Trooper (DrCA)                    Turns: 2454, Time: 00:03:37

Health: -1/48      AC: -7    Str: 16    XL:     5   Next: 73%
Magic:  6/6        EV: 15    Int: 15    God:    Ignis [*****.]
Gold:   81         SH:  2    Dex:  8    Spells: 6/6 levels left

rFire   + + .        a - +0 scimitar
rCold   . . .        m - +0 buckler
rNeg    . . .        (body armour unavailable)
rPois   .            (helmet restricted)
rElec   .            (no cloak)
rCorr   .            (no gloves)
SInv    .            (no boots)
Will    .....        (no amulet)
Stlth   +            h - ring of protection from fire
HPRegen 0.28/turn    f - +5 ring of evasion
MPRegen 0.10/turn

%: no passive effects
@: corroded
A: AC +5, unfitting armour, cold-blooded
a: Renounce Religion, Fiery Armour, Foxfire Swarm, Rising Flame


You were on level 3 of the Dungeon.
You worshipped Ignis.
Ignis was extremely pleased with you.
You visited 1 branch of the dungeon, and saw 3 of its levels.

You collected 81 gold pieces.

Inventory:

Hand Weapons
 a - a +0 scimitar (weapon)
 k - a -1 falchion of flaming
Armour
 m - a +0 buckler (worn)
 p - a +0 tower shield
Jewellery
 f - a +5 ring of evasion (right hand)
 h - a ring of protection from fire (left hand)
Wands
 o - a wand of iceblast (1)
Scrolls
 b - a scroll of poison {unknown}
 d - 6 scrolls of vulnerability
 i - a scroll of blinking
 l - a scroll of teleportation {unknown}
Potions
 c - a potion of cancellation
 e - a potion of heal wounds
 g - a potion of curing {unknown}
 j - 2 potions of brilliance
 n - a potion of lignification {unknown}


   Skills:
 + Level 5.5 Fighting
 + Level 5.0 Long Blades
 - Level 1.0 Spellcasting
 - Level 3.0 Fire Magic


You had 6 spell levels left.
You didn't know any spells.
Your spell library contained the following spells:

 Spells                   Type           Power      Damage    Failure   Level
 Scorch                   Fire           18%        2d5       14%         2
 Blink                    Tloc           0%         N/A       43%         2
 Lesser Beckoning         Tloc           0%         N/A       43%         2
 Momentum Strike          Conj/Tloc      0%         3d8       43%         2
 Call Canine Familiar     Summ           0%         N/A       67%         3
 Portal Projectile        Hex/Tloc       0%         N/A       67%         3
 Leda's Liquefaction      Hex/Erth       0%         N/A       97%         4


Dungeon Overview and Level Annotations

Branches:
Dungeon (3/15)

Altars:
Fedhas

Annotations:
D:3 Dig


Innate Abilities, Weirdness & Mutations

Your plain brown scales are hard. (AC +5)
You cannot fit into any form of body armour.
You are cold-blooded and may be slowed by cold attacks.


Message History

2 jellies and 7 endoplasms come into view.
Found four items.
The endoplasm quivers. x2
There is an open door here.
There is an open door here.
The jelly quivers. x2
You see here a +0 whip.
You see here a +0 whip.
The jelly closely misses you.
You hit the jelly. The acid corrodes you!
Your hands burn!
The jelly is lightly wounded.
The jelly hits you but does no damage.
You slash the jelly!
Your hands burn!
You tail-slap the jelly.
The jelly is almost dead.
The jelly hits you.
You are splashed with acid!
You hit the jelly.
You kill the jelly!
Your Long Blades skill increases to level 5!
You hit the jelly.
Your hands burn!
The jelly is heavily wounded.
The jelly closely misses you. x2
You hit the jelly but do no damage.
Your hands burn!
The jelly is moderately wounded.
You block the jelly's attack.
You slash the jelly!
Your hands burn!
The jelly is almost dead.
The jelly hits you. The acid corrodes you!
You are splashed with acid!
You are too injured to fight recklessly!
You are too injured to fight recklessly!
You completely miss the jelly.
The jelly is almost dead.
The jelly hits you.
You are splashed with acid!
* * * LOW HITPOINT WARNING * * *
Unknown command.
You barely miss the jelly.
Your tail-slap misses the jelly.
The jelly is almost dead.
The jelly hits you.
* * * LOW HITPOINT WARNING * * *
The acid corrodes you!
You are splashed with acid!
You die...

#.# #.# ..#..........###.# #.#
#.# #.#....#'##### #..
########.###.# #.##.#†# ####
......##.....#
......#.######...
......########
########......#.# §.§§..#
####### ######.#)## ≈≈≈≈..#
#.....÷########## #.))..
...§≈.#
#...P.JJ##......####.####
≈≈≈.≈.#
#..÷...#@#.......##......
..≈.§.#
#.P..PJ#.#........'...###
_.≈.≈.# #JJ.J.J#.#........'...#
..≈.§.# #PJ.P÷.#)#'#......'...#
≈≈≈.≈.# #..J.J.#.#.#.....##^..#
....≈.###.÷.P÷.#.#.#....####..#
§≈≈≈≈..##(÷...÷##.####### #..#
.......# ### ..#
#...##.############# ...


You could see a jelly and an endoplasm.

Vanquished Creatures
  2 jellies (D:3)
  A hound (D:3)
  Natasha (twice) (D:3)
  Robin (D:2)
  An adder (D:3)
  A dart slug (D:2)
  7 bats
  4 endoplasms
  3 giant cockroaches
  9 hobgoblins
  A quokka (D:1)
  5 ball pythons
  11 goblins
  12 kobolds
  6 rats
66 creatures vanquished.

Vanquished Creatures (others)
  13 foxfires (D:3)
  A fungus (D:3)
  9 toadstools (D:3)
23 creatures vanquished.

Grand Total: 89 creatures vanquished

Notes
Turn   | Place    | Note
-------+----------+-------------------------------------------
     0 | D:1      | SnakkuSnakku7 the Draconian Cinder Acolyte began the quest
                  | for the Orb.
     0 | D:1      | Reached XP level 1. HP: 19/19 MP: 2/2
   208 | D:1      | Reached XP level 2. HP: 26/26 MP: 3/3
   826 | D:2      | Reached XP level 3. HP: 31/33 MP: 4/4
  1221 | D:2      | Noticed Robin
  1245 | D:2      | Killed Robin
  1633 | D:3      | Reached XP level 4. HP: 33/41 MP: 5/5
  1765 | D:3      | Found a blossoming altar of Fedhas.
  1999 | D:3      | Noticed Natasha
  2016 | D:3      | Killed Natasha
  2017 | D:3      | Reached skill level 5 in Fighting
  2234 | D:3      | Noticed Natasha
  2237 | D:3      | Killed Natasha
  2238 | D:3      | Reached XP level 5. HP: 34/48 MP: 6/6
  2450 | D:3      | Reached skill level 5 in Long Blades
  2454 | D:3      | Splashed by a jelly's acid

Illustrated notes

Levels and vault maps discovered:
D:1:      dpeg_arrival_subterranean_lakeside_camping, layout_loops_ring
D:2:      layout_basic, uniq_robin
D:3:      cheibrodos_fertilizer, layout_basic,
          mainiacjoe_overflow_concentric_impassable, serial_glass,
          glass_columns_a, glass_columns_a, due_unseen_surprise,
          feat_on_display, uniq_natasha

Skill      XL: |  1  2  3  4  5 |
---------------+----------------+-----
Fighting       | 4 5 |  5.5
Long Blades    | 4 5 |  5.0
Spellcasting   | |  1.0
Fire Magic     | |  3.0

Action                     |  1- 3 |  4- 6 || total
---------------------------+-------+-------++-------
  Melee: Falchion          |   140 |    31 ||   171
         Tailslap          |     9 |     9 ||    18
         Punch             |     2 |       ||     2
         Scimitar          |       |    66 ||    66
 Invoke: Foxfire Swarm     |       |     1 ||     1
    Use: Scroll            |     6 |       ||     6
 Armour: Skin              |    54 |    20 ||    74
  Dodge: Dodged            |    97 |    99 ||   196
  Block: Buckler           |       |     7 ||     7
